 Dungeon Crawl Stone Soup version 0.28.0 (webtiles) character file.

Game seed: 11928691230593750735

2 rageheart7 the Skirmisher (level 1, -1/18 HPs)
             Began as a Demonspawn Cinder Acolyte on Feb 15, 2022.
             Was a High Priest of Ignis.
             Frozen to death by an endoplasm (4 damage)
             ... on level 1 of the Dungeon.
             The game lasted 00:00:17 (189 turns).

rageheart7 the Skirmisher (DsCA)                     Turns: 189, Time: 00:00:17

Health: -1/18      AC:  2    Str: 14    XL:     1   Next: 33%
Magic:  2/2        EV: 11    Int: 15    God:    Ignis [*****.]
Gold:   31         SH:  0    Dex:  8    Spells: 2/2 levels left

rFire   + . .      SeeInvis .   a - -1 mace (flame)
rCold   . . .      Faith    .   (no shield)
rNeg    . . .      Spirit   .   b - +0 robe
rPois   .          Reflect  .   (no helmet)
rElec   .          Harm     .   (no cloak)
rCorr   .          Rampage  .   (no gloves)
Will    .....                   (no boots)
Stlth   +.........              (no amulet)
HPRegen 0.06/turn               (no ring)
MPRegen 0.08/turn               (no ring)

@: no status effects
A: no striking features
a: Renounce Religion, Fiery Armour, Foxfire Swarm, Rising Flame


You were on level 1 of the Dungeon.
You worshipped Ignis.
Ignis was extremely pleased with you.
You visited 1 branch of the dungeon, and saw 1 of its levels.

You collected 31 gold pieces.

Inventory:

Hand Weapons
 a - a -1 mace of flaming (weapon)
Armour
 b - a +0 robe (worn)


   Skills:
 * Level 3.1 Fighting
 + Level 2.7 Maces & Flails
 - Level 1.0 Spellcasting
 - Level 2.6 Fire Magic


You had 2 spell levels left.
You didn't know any spells.
Your spell library contained the following spells:

 Spells                   Type           Power      Damage    Failure   Level
 Scorch                   Fire           16%        2d6       12%         2


Dungeon Overview and Level Annotations

Branches:
Dungeon (1/15)

Altars:


Message History

An endoplasm comes into view.
The endoplasm quivers.
The endoplasm moves out of view.
A kobold comes into view. It is wielding a +0 dagger.
The kobold shouts!
The dart slug bites you.
You hit the dart slug but do no damage.
A bat comes into view.
The dart slug closely misses you.
You hit the dart slug but do no damage. The dart slug launches a dart at you.
The slug dart hits you. The bat barely misses you.
You completely miss the dart slug. The bat completely misses you.
The dart slug bites you but does no damage.
You hit the dart slug. You burn the dart slug.
The dart slug is severely wounded.
The dart slug bites you.
You closely miss the kobold.
The kobold hits you with a +0 dagger. x2
You completely miss the kobold. The kobold closely misses you.
You completely miss the kobold. The kobold completely misses you.
You barely miss the kobold. The kobold hits you with a +0 dagger.
* * * LOW HITPOINT WARNING * * *
You hit the kobold. You burn the kobold.
The kobold is heavily wounded.
The kobold hits you with a +0 dagger.
* * * LOW HITPOINT WARNING * * *
The kobold hits you but does no damage.
You closely miss the kobold.
The kobold is heavily wounded.
The kobold closely misses you.
You hit the kobold. You burn the kobold.
You kill the kobold!
The bat hits you but does no damage.
You barely miss the endoplasm. The endoplasm hits you.
* * * LOW HITPOINT WARNING * * *
The endoplasm completely misses you.
You hit the endoplasm but do no damage. The endoplasm freezes you.
You are frozen.
You die...

## .. ##.### ..
..... ....# #.
....# ...## .#
##....# #...# #.
..... ###...##
.##.... #...<..#
##.#b.# ###...##
#.@#..# ##...#
#.#Jb.# ###...##
#.#..## ##.##...#
##...# #...#...##
#(.#### ##..#...#
##.##.# #.......##
#..#..# #........#
#.....#
##.......####...##


You could see an endoplasm and a bat.

Vanquished Creatures
  A giant cockroach (D:1)
  A kobold (D:1)
2 creatures vanquished.

Notes
Turn   | Place    | Note
-------+----------+-------------------------------------------
     0 | D:1      | rageheart7 the Demonspawn Cinder Acolyte began the quest
                  | for the Orb.
     0 | D:1      | Reached XP level 1. HP: 18/18 MP: 2/2
   189 | D:1      | Frozen to death by an endoplasm

Illustrated notes

Levels and vault maps discovered:
D:1:      dpeg_arrival_arbitrary_a, layout_basic, serial_glass, glass_columns_a,
          glass_columns_a, glass_columns_c, glass_columns_b,
          due_unseen_surprise, st_stairs_11

Action                   || total
-------------------------++-------
Melee: Mace              ||    24
Armor: Robe              ||     7
Dodge: Dodged            ||    14
